 Dungeon Crawl Stone Soup version 0.28-a0-723-g095bd1b44f (webtiles) character file.

Game seed: 12576669706322871094

46 Sabo the Shield-Bearer (level 3, 0/30 HPs)
             Began as a Formicid Fighter on Oct 25, 2021.
             Slain by a goblin (4 damage)
             ... led by Robin
             ... on level 2 of the Dungeon.
             The game lasted 00:05:49 (1616 turns).

Sabo the Shield-Bearer (Formicid Fighter)           Turns: 1616, Time: 00:05:50

Health: 0/30       AC:  8    Str: 21    XL:     3   Next: 95%
Magic:  12/12      EV:  9    Int:  7    God:
Gold:   37         SH:  4    Dex: 10    Spells: 2/2 levels left

rFire   . . .      SeeInvis +   a - +0 war axe
rCold   . . .      Faith    .   c - +0 buckler
rNeg    . . .      Spirit   .   b - +0 scale mail
rPois   .          Reflect  .   (helmet unavailable)
rElec   .          Harm     .   e - +0 cloak
rCorr   .          Rampage  .   (no gloves)
Will    .....                   (no boots)
Stlth   ..........              (no amulet)
HPRegen 0.10/turn               h - ring of magical power
MPRegen 0.13/turn               (no ring)

@: mighty
A: permanent stasis, dig shafts and tunnels, antennae 3, four strong arms
a: Dig, Shaft Self


You were on level 2 of the Dungeon.
You visited 1 branch of the dungeon, and saw 2 of its levels.

You collected 37 gold pieces.

Inventory:

Hand Weapons
 a - a +0 war axe (weapon)
Missiles
 f - 67 arrows
 k - 8 sling bullets
Armour
 b - a +0 scale mail (worn)
 c - a +0 buckler (worn)
 e - a +0 cloak (worn)
Jewellery
 h - a ring of magical power (left hand)
 j - a ring of ice
Scrolls
 g - 3 scrolls of identify {unknown}
Potions
 i - 2 potions of curing {unknown}
 l - a potion of flight {unknown}


   Skills:
 + Level 3.9 Fighting
 + Level 2.6 Axes
 + Level 3.5 Armour
 + Level 0.4 Dodging
 + Level 4.0 Shields


You had 2 spell levels left.
You didn't know any spells.
Your spell library contained the following spells:

 Spells                   Type           Power      Damage    Failure   Level
 Scorch                   Fire           0%         2d5       88%         2
 Slow                     Hex            0%         N/A       88%         2
 Confusing Touch          Hex            0%         N/A       98%         3
 Flame Wave               Conj/Fire      0%         3d3       100%        4
 Yara's Violent Unravell  Hex/Tmut       0%         3d3       100%        5
 Summon Cactus Giant      Summ           0%         N/A       100%        6


Dungeon Overview and Level Annotations

Branches:
Dungeon (2/15)

Altars:

Shops:
D:2 *

Annotations:
D:2 Robin


Innate Abilities, Weirdness & Mutations

You cannot be hasted, slowed, berserked, paralysed or teleported.
You can dig through walls and to a lower floor.
You have a pair of large antennae on your head. (SInv)
Your four strong arms can wield two-handed weapons with a shield.


Message History

The goblin barely misses you.
You feel very mighty all of a sudden.
You feel sick. The goblin barely misses you.
Robin says, "Bow before me, strongest of all the hobgoblins!"
The goblin hits you with a +0 club.
You slash the goblin!
You kill the goblin!
You barely miss the goblin.
You feel sick.
The goblin no longer looks unusually strong.
A quokka comes into view.
Robin roars a battlecry!
The goblin goes into a battle-frenzy!
The goblin barely misses you. The goblin hits you with a +0 club.
You slash the goblin!
You kill the goblin!
You slash the goblin!
You kill the goblin!
You feel sick.
The goblin no longer looks unusually strong.
Robin roars a battlecry!
The goblin goes into a battle-frenzy!
The goblin hits you with a +0 club.
* * * LOW HITPOINT WARNING * * *
Your Shields skill increases to level 4!
You completely miss the goblin.
You feel sick. You block the goblin's attack.
You slash the goblin!
You kill the goblin!
You feel sick.
You are no longer poisoned.
You closely miss the goblin.
The goblin no longer looks unusually strong.
The goblin hits you with a +0 club.
* * * LOW HITPOINT WARNING * * *
You block the goblin's attack.
You completely miss the goblin.
The goblin no longer looks unusually strong.
Robin throws the goblin at you! The goblin hits you with a +0 club.
* * * LOW HITPOINT WARNING * * *
The goblin hits you with a +0 club.
You die...

######## .......# ...>...#
...<...#
.......#################.#.
...............g@ggrg......
.......#############.∩.##..
.........##.....## ...#
.................###.#.{g
.....................#####
..................####
##................# #..
#................# ..##.#
..................# .#...


You could see Robin, a quokka and 3 goblins.

Vanquished Creatures
  An adder (D:2)
  2 endoplasms
  5 hobgoblins
  A quokka (D:2)
  4 ball pythons
  3 bats
  12 goblins
  2 kobolds
  4 rats
34 creatures vanquished.

Notes
Turn   | Place    | Note
-------+----------+-------------------------------------------
     0 | D:1      | Sabo the Formicid Fighter began the quest for the Orb.
     0 | D:1      | Reached XP level 1. HP: 18/18 MP: 1/1
   359 | D:1      | Reached XP level 2. HP: 19/24 MP: 2/2
  1092 | D:2      | Reached XP level 3. HP: 17/30 MP: 3/3
  1590 | D:2      | Found Tuffyen's Assorted Antiques.
  1595 | D:2      | Noticed Robin
  1613 | D:2      | Reached skill level 4 in Shields
  1616 | D:2      | Slain by a goblin

Illustrated notes

Levels and vault maps discovered:
D:1:      zelgadis_glass_arrival_small, layout_basic, minmay_tiny_reverse_x
D:2:      layout_rooms, ebering_ecumenical_altar_sacrificial, serial_shops,
          nicolae_shop_stone, minmay_cut_off, uniq_robin

Skill      XL: |  1  2  3 |
---------------+----------+-----
Shields        | 4 |  4.0
Fighting       | |  3.9
Axes           | |  2.6
Armour         | |  3.5
Dodging        | |  0.4

Action                   || total
-------------------------++-------
Melee: War axe           ||    98
 Abil: Dig               ||     2
  Use: Potion            ||     1
Armor: Scale mail        ||    51
Dodge: Dodged            ||    44
Block: Buckler           ||    17

Table legend: (Time is in decaauts)
 A = Elapsed time spent in this place.
 B = Non-inter-level travel time spent in this place.
 C = Inter-level travel time spent in this place.
 D = Time resting spent in this place.
 E = Time spent auto-exploring this place.
 F = Levels seen in this place.
 G = Mean time per level.
                   A        B        C        D        E       F      G
               +--------+--------+--------+--------+--------+-----+--------+
         Total |   1654 |   1654 |      0 |    457 |      0 |   2 |  827.0 |
       Dungeon |   1654 |   1654 |      0 |    457 |      0 |   2 |  827.0 |
               +--------+--------+--------+--------+--------+-----+--------+

Top non-repeatable levels by time:
     D:1: 1064 daAuts
     D:2: 590 daAuts
